Map: Lightshade LE

Players

Epic

  • Race: Terran Terran
  • League: Grandmaster
  • Spawn Location: 5:00

Namshar - Winner!

  • Race: Zerg Zerg
  • League: Grandmaster
  • Spawn Location: 11:00

Event: DreamHack SC2 Masters 2020 Winter

VOD

Have the link to the VOD?

Description

Time

  • Played on: Oct. 27, 2020, 5:23 p.m.
  • Length: 18:56

All games in this series

Show
View Real Time Build Order
Export as new Build Order

Epic Terran 

Build Orders:  

Get SALT Encoding   

  12  0:00  SCV  
  13  0:12  SCV  
  14  0:17  Supply Depot  
  14  0:24  SCV  
  15  0:38  SCV  
  15  0:40  Barracks  
  16  0:50  SCV  
  17  1:02  SCV  
  18  1:12  Command Center  
  18  1:16  SCV  
  19  1:27  Marine  
  19  1:29  Orbital Command  
  20  1:34  Refinery  
  20  1:39  Refinery  
  20  1:45  Marine  
  21  1:51  Supply Depot  
  21  1:54  SCV  
  22  2:03  Marine  
  23  2:13  SCV  
  24  2:22  Factory  
  24  2:24  Orbital Command  
  24  2:25  SCV  
  25  2:32  Barracks Reactor  
  25  2:37  SCV  
  26  2:47  Barracks  
  26  2:48  Barracks  
  26  2:50  SCV  
  26  2:51  SCV  
  28  3:02  SCV  
  28  3:03  SCV  
  30  3:14  SCV, Hellion x2  
  30  3:15  SCV  
  30  3:16  Barracks Tech Lab, Supply Depot  
  36  3:26  SCV  
  37  3:27  SCV  
  38  3:34  Stimpack  
  38  3:35  Hellion  
  38  3:36  Hellion  
  38  3:38  SCV, Barracks Reactor x2  
  38  3:39  SCV  
  44  3:44  Marine  
  44  3:48  Supply Depot x2  
  45  3:52  Starport  
  45  3:54  SCV  
  45  3:55  SCV  
  47  3:59  Refinery  
  47  4:03  Hellion  
  47  4:06  Hellion  
  47  4:09  SCV x2  
  53  4:14  Marine x3  
  53  4:15  Marine  
  53  4:16  Marine  
  58  4:22  SCV x2  
  60  4:26  Supply Depot  
  60  4:28  Supply Depot  
  60  4:34  SCV x2, Medivac  
  60  4:35  Medivac  
  66  4:42  Armory, Marine  
  67  4:47  Marine x4  
  71  4:55  SCV x2, Factory Reactor  
  71  4:56  Supply Depot  
  73  5:00  Marine  
  73  5:05  Marine x4  
  78  5:11  SCV x2  
  80  5:14  Combat Shield  
  80  5:18  Marine  
  81  5:22  Command Center  
  81  5:32  Marine x4  
  81  5:33  Medivac  
  81  5:35  Medivac  
  88  5:43  Widow Mine x2  
  88  5:46  SCV x2  
  88  5:49  Marine x2  
  85  5:50  Marine  
  82  6:01  SCV x2  
  74  6:07  Marine x2, Engineering Bay  
  74  6:08  Marine  
  74  6:09  Barracks, Engineering Bay  
  74  6:11  Barracks  
  77  6:12  Marine x2  
  77  6:15  SCV x2  
  81  6:21  Medivac, Refinery  
  81  6:23  Medivac  
  85  6:26  Widow Mine  
  85  6:27  Widow Mine  
  89  6:32  Terran Infantry Weapons Level 1  
  89  6:34  Terran Infantry Armor Level 1  
  90  6:40  SCV x2  
  90  6:42  Marine  
  90  6:43  Marine x3  
  90  6:44  Marine  
  94  6:50  Widow Mine x2  
  98  6:55  SCV x2, Orbital Command  
  98  6:56  Supply Depot  
  98  6:58  Barracks Reactor x2  
  95  7:09  Marine x2  
  95  7:10  Marine x3, Medivac x2  
  95  7:11  SCV  
  95  7:12  SCV  
  95  7:13  Orbital Command  
  105  7:18  Widow Mine x2  
  109  7:25  SCV x2  
  111  7:31  Command Center  
  113  7:37  SCV x2  
  113  7:40  Supply Depot  
  113  7:42  Supply Depot  
  113  7:45  SCV  
  113  7:49  SCV x2  
  113  7:50  Marine  
  117  8:01  Marine x4  
  117  8:02  Widow Mine x2  
  117  8:08  SCV x3  
  117  8:12  Refinery  
  120  8:13  Factory  
  120  8:17  Marine x4, Marauder  
  120  8:19  Marine x2  
  128  8:20  Supply Depot  
  128  8:24  Supply Depot  
  123  8:39  Marine x6, Marauder  
  123  8:40  Widow Mine x2, Medivac x2  
  128  8:58  Factory Tech Lab  
  128  8:59  Marine x3  
  128  9:00  Marine x5  
  128  9:01  Marauder  
  138  9:05  Barracks  
  138  9:06  Barracks  
  138  9:07  Barracks  
  135  9:13  Missile Turret  
  135  9:15  Widow Mine x2, Missile Turret, SCV x2  
  135  9:16  SCV  
  135  9:17  Marine, Medivac x2  
  142  9:18  Terran Infantry Weapons Level 2  
  142  9:21  Terran Infantry Armor Level 2  
  147  9:25  Drilling Claws  
  147  9:30  Missile Turret  
  147  9:32  Thor  
  153  9:39  SCV x2  
  153  9:40  SCV  
  155  9:50  Marine  
  155  9:51  Marine x4, Marauder  
  158  9:55  Marine  
  158  9:56  Marine x5  
  158  9:57  Widow Mine x2  
  168  10:00  Supply Depot  
  164  10:14  SCV x3  
  164  10:15  Marine x7, Marauder  
  171  10:21  Planetary Fortress  
  171  10:23  Barracks Tech Lab  
  171  10:25  Barracks Tech Lab  
  171  10:26  SCV  
  172  10:30  Marine  
  172  10:31  Medivac x2  
  172  10:32  Barracks Tech Lab  
  177  10:36  Widow Mine  
  177  10:41  SCV  
  180  10:44  Supply Depot  
  180  10:45  Supply Depot  
  180  10:47  SCV x2  
  180  10:48  Widow Mine, Marauder, Missile Turret  
  186  10:50  Missile Turret x2  
  186  11:00  Marauder  
  188  11:06  Marine x8  
  188  11:07  Thor, Medivac x2, Marine  
  188  11:08  Marauder  
  197  11:21  Marine x2  
  197  11:24  Marine x3  
  152  11:41  Marine x9, Marauder x2  
  152  11:42  Marauder  
  152  11:45  Missile Turret x2  
  152  11:46  Widow Mine x2  
  149  11:52  Terran Infantry Armor Level 3, Terran Infantry Weapons Level 3  
  149  11:53  SCV x2  
  149  11:54  SCV  
  144  12:01  Thor  
  150  12:05  Missile Turret  
  150  12:07  Marine x4  
  150  12:08  Marine  
  155  12:13  Widow Mine  
  155  12:14  Widow Mine  
  155  12:15  Medivac  
  161  12:16  Medivac  
  161  12:18  Terran Vehicle And Ship Armor Level 1  
  163  12:24  Marine  
  163  12:25  Marine x3  
  164  12:35  Command Center  
  164  12:38  Widow Mine  
  164  12:39  Missile Turret x2  
  164  12:40  Widow Mine  
  168  12:48  SCV  
  168  12:49  SCV x2  
  169  12:52  Thor  
  175  13:00  Widow Mine, Medivac x2  
  175  13:01  Widow Mine  
  175  13:04  Marauder x4, Marine x2  
  193  13:07  Marine x2  
  193  13:08  Marine x2  
  193  13:09  Marine  
  198  13:18  Marine  
  198  13:19  Concussive Shells  
  199  13:22  Marine  
  199  13:40  Thor  
  199  13:41  Widow Mine x2  
  179  13:51  Marine x7, Marauder x4  
  188  13:59  Medivac  
  188  14:00  Medivac  
  162  14:06  Command Center  
  162  14:07  Widow Mine x2, Marine  
  162  14:09  Marine x7  
  174  14:12  Marauder x2  
  174  14:13  Marauder  
  180  14:19  Marauder  
  172  14:25  Marine  
  172  14:26  Thor  
  176  14:32  Marine x2  
  176  14:34  Marauder x3  
  183  14:44  Missile Turret  
  183  14:45  Missile Turret  
  183  14:46  Missile Turret  
  175  14:54  Marine x8, Marauder  
  175  14:55  Marauder  
  165  15:07  Widow Mine x2, Medivac x2  
  171  15:27  Missile Turret  
  154  15:28  Missile Turret  
  154  15:31  Marine x2, Marauder x3  
  154  15:32  Marine x3  
  154  15:34  Marine x2  
  149  15:53  Marine x11  
  155  16:08  Widow Mine x2  
  155  16:09  Widow Mine  
  143  16:18  Marauder x2  
  143  16:19  Marine  
  143  16:20  Marine x3  
  148  16:27  Marine  
  149  16:42  Widow Mine x3, Marine x3  
  158  16:51  Marauder x2  
  162  16:55  Marine x2  
  162  16:59  Marine x2  
  164  17:02  Marine  
  163  17:13  Planetary Fortress  
  163  17:26  Marine  
  164  17:44  Marauder  
  164  17:48  Marine x4  
  164  17:49  Marine  
  164  17:54  Marine  
  164  17:58  Marine  
  164  18:03  Marine  
  164  18:04  Marine  
  164  18:05  Widow Mine  
  163  18:06  Marine  
  163  18:08  Marine x2  
  100  18:25  Marine x2  
  100  18:26  Marine x6, Marauder  
  101  18:29  Widow Mine  
Show
View Real Time Build Order
Export as new Build Order

Namshar Zerg - Winner!

Build Orders: Hatch First, Muta Ling Bane 

Get SALT Encoding   

  12  0:00  Drone  
  13  0:12  Overlord  
  13  0:18  Drone  
  14  0:31  Drone x2  
  16  0:48  Hatchery  
  15  0:51  Drone  
  15  0:55  Drone  
  17  0:58  Drone  
  18  1:09  Extractor  
  17  1:13  Spawning Pool  
  17  1:16  Drone  
  17  1:19  Drone  
  18  1:28  Drone  
  19  1:39  Drone  
  20  1:49  Drone  
  21  1:59  Queen x2  
  21  2:00  Zergling x4  
  27  2:14  Hatchery  
  26  2:18  Overlord  
  26  2:21  Drone  
  27  2:23  Drone  
  27  2:29  Metabolic Boost  
  28  2:37  Drone  
  28  2:38  Drone x2  
  28  2:42  Drone  
  32  2:45  Overlord  
  32  2:52  Queen  
  32  2:55  Drone  
  35  3:02  Drone  
  35  3:08  Drone x5  
  40  3:16  Pneumatized Carapace  
  40  3:17  Drone  
  41  3:21  Drone  
  41  3:26  Drone  
  43  3:28  Queen  
  43  3:32  Overlord  
  45  3:35  Queen  
  45  3:40  Overlord  
  47  3:46  Baneling Nest  
  47  3:47  Drone x3  
  49  3:53  Overlord  
  49  3:57  Zergling x4  
  49  4:01  Drone x4  
  55  4:05  Queen  
  55  4:08  Drone  
  58  4:10  Overlord  
  58  4:16  Drone x2  
  58  4:17  Drone x2  
  62  4:23  Drone x4  
  66  4:26  Lair  
  66  4:31  Extractor  
  65  4:32  Extractor  
  65  4:34  Extractor  
  65  4:36  Drone x6  
  69  4:44  Overlord  
  69  4:45  Drone x2  
  71  4:55  Drone x2  
  71  4:56  Drone  
  71  4:57  Drone, Evolution Chamber, Overlord x2  
  71  4:58  Evolution Chamber  
  73  5:00  Zergling x6  
  77  5:07  Zergling x4  
  77  5:10  Zergling x2  
  77  5:13  Hatchery  
  77  5:14  Zergling x6  
  81  5:18  Queen  
  83  5:23  Centrifical Hooks  
  83  5:29  Baneling x3  
  83  5:33  Baneling x6  
  83  5:34  Baneling  
  81  5:36  Zergling x2  
  81  5:37  Zergling x8  
  80  5:45  Zergling x12  
  79  5:52  Zergling x14  
  80  6:00  Queen  
  82  6:04  Zerg Melee Weapons Level 1, Zerg Ground Armor Level 1  
  82  6:13  Drone x7  
  89  6:26  Drone x3  
  89  6:29  Extractor x2  
  89  6:31  Spire  
  89  6:34  Queen x2  
  89  6:35  Overseer  
  90  6:40  Zergling x16  
  95  6:48  Zergling x8  
  95  6:49  Zergling x2  
  98  6:55  Baneling x5  
  98  6:57  Zergling x6  
  101  7:04  Zergling x2  
  101  7:07  Zergling x4  
  96  7:13  Baneling, Queen  
  98  7:19  Extractor  
  97  7:25  Baneling x6  
  97  7:26  Drone x3, Baneling x4  
  97  7:27  Drone x2  
  97  7:28  Drone x2, Overlord x2  
  97  7:29  Overlord  
  104  7:33  Baneling  
  104  7:46  Zerg Flyer Weapons Level 1  
  104  7:48  Drone  
  104  7:51  Queen  
  107  7:52  Drone x4  
  107  7:53  Zergling x20  
  112  8:10  Overseer x2  
  112  8:13  Drone  
  112  8:14  Drone x11  
  112  8:16  Overlord x3  
  124  8:32  Overlord x2  
  124  8:35  Extractor  
  124  8:38  Mutalisk  
  124  8:39  Mutalisk x7  
  126  8:42  Zergling x8  
  126  8:46  Zergling x10  
  126  8:47  Baneling  
  135  8:55  Zergling x8  
  137  9:00  Overlord x2  
  136  9:05  Mutalisk x2  
  136  9:06  Hatchery  
  136  9:09  Baneling, Zergling x10  
  139  9:10  Baneling x5  
  139  9:25  Zerg Melee Weapons Level 2, Zerg Ground Armor Level 2  
  139  9:28  Baneling x2  
  139  9:30  Baneling x2  
  139  9:31  Baneling x2  
  139  9:32  Zergling x2  
  139  9:33  Zergling x16  
  148  9:39  Hatchery  
  143  9:50  Mutalisk x6  
  143  9:51  Mutalisk  
  150  9:59  Drone x3  
  154  10:00  Drone  
  154  10:03  Mutalisk x2  
  154  10:06  Zergling x20  
  168  10:12  Zergling x8  
  166  10:22  Infestation Pit  
  166  10:27  Mutalisk x2  
  169  10:33  Overseer x2  
  169  10:35  Baneling  
  169  10:36  Baneling x8, Zergling x20  
  169  10:37  Zergling x6  
  182  10:49  Baneling x4  
  182  10:50  Overlord  
  182  10:51  Overlord x3  
  182  10:52  Zerg Flyer Weapons Level 2  
  182  11:07  Baneling  
  182  11:08  Baneling, Hive  
  182  11:10  Zergling x34  
  199  11:14  Zergling x2  
  198  11:22  Baneling x7  
  165  11:33  Zergling x32  
  165  11:37  Zergling x14  
  164  11:41  Zergling x2  
  159  11:52  Mutalisk  
  159  11:53  Mutalisk x3  
  167  11:56  Queen x3  
  167  11:57  Baneling x5  
  167  11:58  Baneling x5  
  167  12:00  Zergling x20  
  183  12:01  Baneling x5  
  183  12:06  Drone x2  
  183  12:07  Zergling x16  
  193  12:16  Zergling x12  
  199  12:30  Baneling  
  199  12:31  Baneling  
  199  12:33  Zerg Melee Weapons Level 3, Zerg Ground Armor Level 3  
  199  12:36  Drone, Ultralisk Cavern  
  199  12:40  Adrenal Glands  
  199  13:02  Extractor  
  199  13:05  Spore Crawler  
  197  13:06  Baneling x5  
  197  13:09  Zerg Flyer Armor Level 1  
  197  13:17  Baneling x8  
  197  13:20  Overseer  
  197  13:21  Overseer x3  
  197  13:28  Zergling x6  
  183  13:50  Mutalisk x2  
  183  13:52  Chitinous Plating  
  183  13:54  Zergling x24  
  166  14:03  Mutalisk x3  
  166  14:08  Zergling x30  
  187  14:13  Baneling x12, Zergling x12  
  187  14:14  Zergling x14  
  199  14:30  Baneling x7  
  175  15:02  Ultralisk  
  175  15:03  Ultralisk x3  
  175  15:06  Baneling x4  
  194  15:11  Anabolic Synthesis  
  183  15:29  Ultralisk, Zergling x2  
  183  15:30  Zergling x12  
  183  15:50  Ultralisk, Zergling x14  
  188  16:18  Overseer x4  
  184  16:21  Overlord x5  
  184  16:23  Zerg Missile Weapons Level 1  
  184  16:28  Baneling x18  
  184  16:37  Baneling x3  
  184  16:38  Baneling  
  184  16:50  Burrow  
  184  16:51  Hatchery  
  183  16:55  Zergling x22  
  183  16:56  Zergling x12  
  193  17:15  Baneling x12  
  193  17:16  Zergling x12  
  199  17:24  Baneling  
  199  17:25  Baneling x8  
  194  17:58  Baneling x5, Zergling x8  
  189  17:59  Zergling x12  
  199  18:08  Zergling x6  
  199  18:09  Zergling x2  
  186  18:13  Ultralisk, Zergling x16  
  186  18:15  Zergling x4  
  187  18:21  Zergling x16  
  193  18:30  Baneling x17  
Tags
 
Add a new tag
Caveats
  • Supply blocks, unpowered buildings, or Contaminate may cause inaccurate times.
  • Supply counts are checked every 10 seconds.